 Dungeon Crawl Stone Soup version 0.31-a0-889-g1a8549509d (webtiles) character file.

Game seed: 4737683055010922151

284 Arex the Trooper (level 6, 0/33 HPs)
             Began as a Vine Stalker Fighter on Oct 16, 2023.
             Slain by an ogre
             ... wielding a +0 giant spiked club
              (17 damage)
             ... on level 4 of the Dungeon.
             The game lasted 00:04:05 (2624 turns).

Arex the Trooper (Vine Stalker Fighter)             Turns: 2624, Time: 00:04:06

Health: 0/33       AC: 10    Str: 20    XL:     6   Next: 29%
Magic:  0/7        EV:  7    Int:  8    God:
Gold:   95         SH:  5    Dex: 14    Spells: 5/5 levels left

rFire   + .          .
                       - Unarmed
rCold   . . .        b - +0 buckler
rNeg    . . .        o - +0 chain mail
rPois   +            (no helmet)
rElec   .            (no cloak)
rCorr   .            (no gloves)
SInv    .            m - +0 pair of boots
Will    .....        (no amulet) Stlth
                     g - ring of poison resistance
HPRegen 1.05/turn    k - ring of protection from fire
MPRegen 0.10/turn

%: guardian spirit
@: no status effects
A: fangs 2, regeneration 1, magic shield, antimagic bite, no potion heal 2
a: no special abilities


You were on level 4 of the Dungeon.
You visited 1 branch of the dungeon, and saw 4 of its levels.

You collected 95 gold pieces.

Inventory:

Armour
 a - a +0 scale mail
 b - a +0 buckler (worn)
 m - a +0 pair of boots (worn)
 o - a +0 chain mail (worn)
Jewellery
 g - a ring of poison resistance (left hand)
 k - a ring of protection from fire (right hand)
Wands
 p - a wand of roots (6)
Scrolls
 d - a scroll of fog
 i - a scroll of noise
 l - a scroll of teleportation
Potions
 c - a potion of might
 e - 4 potions of curing
 f - a potion of enlightenment {unknown}
 h - a potion of haste {unknown}
 j - a potion of cancellation
 n - a potion of attraction {unknown}
 q - a potion of mutation {unknown}


   Skills:
 + Level 3.8 Fighting
 + Level 3.5 Armour
 + Level 3.8 Shields
 + Level 3.5 Unarmed Combat


You had 5 spell levels left.
You didn't know any spells.
Your spell library contained the following spells:

 Spells                   Type           Power      Damage    Failure   Level
 Inner Flame              Hex/Fire       0%         N/A       100%        3
 Flame Wave               Conj/Fire      0%         2d4       100%        4
 Sticky Flame             Conj/Fire      0%         2d3       100%        4


Dungeon Overview and Level Annotations

Branches:
Dungeon (4/15)
 Temple: D:4-7

Altars:

Annotations:
D:4 2 transporters, Spaninq's ghost, novice DsSh


Innate Abilities, Weirdness & Mutations

You have extremely sharp teeth.
Your natural rate of healing is unusually fast.
When hurt, damage is shared between your health and your magic reserves.
Your bite disrupts and absorbs the magic of your enemies.
Potions cannot restore your health.


Message History

The phantom is almost destroyed.
The phantom hits you.
You hit the phantom but do no damage. You bite the phantom.
You destroy the phantom!
You have reached level 6!
Done exploring.
Done exploring.
Done exploring.
Done exploring.
Search for what [Enter for "tal", or ? for help]? .
Okay, then.
There is an open door here.
There is an open door here.
There is a stone staircase leading down here.
You climb downwards.
Level annotation: 2 transporters, Spaninq's ghost, novice DsSh
There is a stone staircase leading up here.
The ogre shouts!
Aiming: Fastroot
Press: ? - help, Shift-Dir - straight line, f - ogre
Aim: an ogre, wielding a +0 giant spiked club The roots erupt in riotous growth!
Roots grab the ogre.
The grasping roots constrict the ogre.
The ogre struggles to escape constriction.
Aiming: Fastroot
Press: ? - help, Shift-Dir - straight line, f - you, p - ogre The roots erupt in riotous growth!
The grasping roots constrict the ogre.
The roots release their grip on the ogre.
You hit the ogre.
The ogre is moderately wounded.
The ogre hits you with a +0 giant spiked club!!
Ouch! That really hurt!
You hit the ogre. You bite the ogre. You drain its power.
You feel invigorated.
The ogre is severely wounded.
You hit the ogre. Your bite misses the ogre.
The ogre is severely wounded.
The ogre hits you with a +0 giant spiked club!!
Ouch! That really hurt!
You die...

#......#######
#......#
#......#
####'#.#
#.#O#######
#.#.......#
#.#######.#
#.#..<#...#
#.#@###.###
#.#.O...#
#.#######


You could see an ogre.

Vanquished Creatures
  A phantom (D:3)
  A scorpion (D:4)
  Natasha (D:3)
  Ijyb (D:3)
  2 adders
  A worm (D:2)
  2 dart slugs
  5 orcs (D:3)
  5 bats
  10 endoplasms
  4 giant cockroaches
  7 hobgoblins
  4 jackals (D:2)
  2 quokkas (D:1)
  3 ball pythons
  4 frilled lizards
  10 goblins
  6 kobolds
  7 rats
76 creatures vanquished.

Notes
Turn   | Place    | Note
-------+----------+-------------------------------------------
     0 | D:1      | Arex the Vine Stalker Fighter began the quest for the Orb.
     0 | D:1      | Reached XP level 1. HP: 11/11 MP: 2/2
    44 | D:1      | Found a large runed translucent door.
    44 | D:1      | Found a large runed translucent door.
   363 | D:1      | Reached XP level 2. HP: 16/16 MP: 3/3
   988 | D:2      | Reached XP level 3. HP: 20/20 MP: 4/4
  1267 | D:2      | Reached XP level 4. HP: 24/24 MP: 5/5
  1388 | D:2      | Found a faded altar of an unknown god.
  1876 | D:3      | Noticed Ijyb
  2180 | D:4      | Found a transporter.
  2182 | D:4      | Found a transporter.
  2182 | D:4      | Noticed Spaninq's ghost (novice DsSh)
  2191 | D:4      | Noticed an ogre
  2272 | D:4      | Noticed a scorpion
  2287 | D:4      | Killed a scorpion
  2288 | D:4      | Reached XP level 5. HP: 28/28 MP: 6/6
  2387 | D:3      | Killed Ijyb
  2508 | D:3      | Noticed Natasha
  2518 | D:3      | Killed Natasha
  2551 | D:3      | Noticed a phantom
  2571 | D:3      | Killed a phantom
  2572 | D:3      | Reached XP level 6. HP: 25/33 MP: 7/7
  2624 | D:4      | Slain by an ogre

Illustrated notes

Levels and vault maps discovered:
D:1:      erik_arrival_cave_to_civilisation [erik_arrival_cave_to_temple],
          layout_basic
D:2:      layout_rooms, hellmonk_ecumenical_altar_zigzags,
          chequers_serial_rivers_small_3, minmay_pentomino_w2
D:3:      kennysheep_the_goblin_king, layout_basic, uniq_natasha
D:4:      layout_basic, gammafunk_ghost_mausoleum, minmay_mini_ossuary,
          uniq_ijyb

Skill      XL: |  1  2  3  4 |
---------------+-------------+-----
Fighting       | 3 |  3.8
Shields        | 3 |  3.8
Armour         | 3 |  3.5
Unarmed Combat | 3 |  3.5

Action                     |  1- 3 |  4- 6 || total
---------------------------+-------+-------++-------
  Melee: Unarmed           |   110 |   144 ||   254
         Bite              |    26 |    41 ||    67
  Evoke: Wand              |       |     2 ||     2
    Use: Scroll            |       |     7 ||     7
 Armour: Scale mail        |    82 |    19 ||   101
         Chain mail        |       |    74 ||    74
  Dodge: Dodged            |    48 |    28 ||    76
  Block: Buckler           |    15 |    24 ||    39

Table legend: (Time is in decaauts)
 A = Elapsed time spent in this place.
 B = Non-inter-level travel time spent in this place.
 C = Inter-level travel time spent in this place.
 D = Time resting spent in this place.
 E = Time spent auto-exploring this place.
 F = Levels seen in this place.
 G = Mean time per level.
                   A        B        C        D        E       F      G
               +--------+--------+--------+--------+--------+-----+--------+
         Total |   2622 |   2352 |    270 |      0 |   1733 |   4 |  655.5 |
       Dungeon |   2622 |   2352 |    270 |      0 |   1733 |   4 |  655.5 |
               +--------+--------+--------+--------+--------+-----+--------+

Top non-repeatable levels by time:
     D:1: 1086 daAuts
     D:3: 794 daAuts
     D:2: 640 daAuts
     D:4: 101 daAuts
